 Dungeon Crawl Stone Soup version 0.28.0-45-g0d030f2227 (webtiles) character file.

Game seed: 18212936985227777209

15694 zeratav the Grappler (level 12, -4/100 HPs)
             Began as an Octopode Transmuter on Apr 6, 2022.
             Was an Initiate of Ashenzari.
             Slain by a naga warrior
             ... wielding a +0 hand axe
              (26 damage)
             ... on level 1 of the Snake Pit.
             The game lasted 01:07:09 (17145 turns).

zeratav the Grappler (Octopode Transmuter)         Turns: 17145, Time: 01:07:10

Health: -4/100     AC:  7    Str: 20    XL:     12   Next: 29%
Magic:  0/24       EV: 10    Int: 15    God:    Ashenzari [......]
Gold:   121        SH:  0    Dex: 13    Spells: 4/15 levels left

rFire   . . .      SeeInvis +     - Unarmed
rCold   + + +      Faith    .   (shield currently unavailable)
rNeg    . . .      Spirit   +   (helmet currently unavailable)
rPois   +          Reflect  .   y - amulet of guardian spirit
rElec   .          Harm     .   f - ring of see invisible
rCorr   .          Rampage  .   c - ring of protection from fire
Will    .....                   D - ring of magical power
Stlth   +.........              E - ring of poison resistance
HPRegen 0.26/turn               F - +6 ring of strength
MPRegen 0.19/turn               G - ring of wizardry
                                (no ring)
                                (no ring)

@: ice-form, constricted, studying Long Blades
A: freezing attack, boosted hp, almost no armour, amphibious, 8 rings, large,
(camouflage 1), (gelatinous body 1), (nimble swimmer 1), (tentacles), MP-powered
wands
a: End Transformation, Renounce Religion, Curse Item, Shatter the Chains


You were on level 1 of the Snake Pit.
You worshipped Ashenzari.
Ashenzari was noncommittal.
You were a creature of crystalline ice.
You visited 4 branches of the dungeon, and saw 14 of its levels.
You also visited: Ossuary.

You collected 726 gold pieces.
You spent 605 gold pieces at shops.

Inventory:

Hand Weapons
 e - the cursed +5 dagger "Stellar Sorrow" (melded) {speed, rElec rN+, Alch, Elem}
   (You found it on level 2 of the Dungeon)

   Attacks with this weapon are significantly faster.
   rElec:     It insulates you from electricity.
   rN:        It protects you from negative energy.
   It has a curse which improves the following skills: Alchemy: Poison Magic and
   Transmutations.
   Elements:  Fire Magic, Ice Magic, Air Magic and Earth Magic.
 o - the +8 quarterstaff "Ipneikin" {venom, Fragile rC+ Str+2}
   (You found it on level 3 of the Dungeon)

   It poisons the flesh of those it strikes.
   Str:       It affects your strength (+2).
   rC:        It protects you from cold.
   Fragile:   It will be destroyed if unequipped.
 s - the +8 flail "Hydraslayer" {vorpal, Str+2}
   (You found it on level 5 of the Dungeon)

   It inflicts extra damage upon your enemies.
   Str:       It affects your strength (+2).
Armour
 k - a +0 kite shield
 t - a +0 kite shield
Jewellery
 c - a ring of protection from fire (right front paw)
 f - a ring of see invisible (left front paw)
 l - an amulet of regeneration
 y - an amulet of guardian spirit (around neck)
 D - a ring of magical power (on tentacle)
 E - a ring of poison resistance (on tentacle)
 F - a +6 ring of strength (on tentacle)
 G - a ring of wizardry (on tentacle)
Wands
 i - a wand of mindburst (11)
 v - a wand of paralysis (4)
 x - a wand of flame (38)
Scrolls
 a - 2 scrolls of teleportation
 b - a scroll of vulnerability
 d - 2 scrolls of amnesia
 g - a scroll of enchant weapon
 h - 3 scrolls of enchant armour
 j - 2 scrolls of identify
 n - a scroll of immolation
 A - 2 scrolls of brand weapon
 B - a scroll of magic mapping {unknown}
Potions
 m - a potion of heal wounds
 p - 3 potions of might
 q - 2 potions of lignification
 r - 2 potions of attraction
 u - 2 potions of ambrosia
 w - 4 potions of curing
 z - a potion of haste
 C - 2 potions of brilliance


   Skills:
 + Level 8.9 Fighting
 + Level 8.5 Dodging
 + Level 2.2 Shields
 * Level 12.2 Unarmed Combat
 - Level 2.0 Spellcasting
 + Level 8.5 Transmutations
 - Level 5.8 Ice Magic


You had 4 spell levels left.
You knew the following spells:

 Your Spells              Type           Power      Damage    Failure   Level
a - Beastly Appendage     Tmut           54%        N/A       1%          1
b - Spider Form           Tmut/Pois      14%        N/A       4%          3
c - Ice Form              Ice/Tmut       23%        N/A       4%          4
d - Mephitic Cloud        Conj/Pois/Air  1%         N/A       26%         3

Your spell library contained the following spells:

 Spells                   Type           Power      Damage    Failure   Level
 Wereblood                Tmut           27%        N/A       1%          2
 Foxfire                  Conj/Fire      4%         2x1d4     9%          1
 Magic Dart               Conj           4%         1d3       9%          1
 Call Imp                 Summ           1%         N/A       13%         2
 Corpse Rot               Necr/Air       2%         N/A       13%         2
 Poisonous Vapours        Pois/Air       2%         N/A       13%         2
 Sublimation of Blood     Necr           1%         N/A       13%         2
 Petrify                  Tmut/Erth      14%        N/A       16%         4
 Conjure Flame            Conj/Fire      1%         6-21      26%         3
 Inner Flame              Hex/Fire       1%         N/A       26%         3
 Flame Wave               Conj/Fire      1%         2d4       61%         4
 Irradiate                Conj/Tmut      7%         3d16      38%         5


Dungeon Overview and Level Annotations

Branches:
Dungeon (10/15)            Temple (1/1) D:5            Lair (2/6) D:10
 Shoals (0/4) Lair:2        Snake (1/4) Lair:2      Ossuary (visited)
    Orc: D:9-12

Altars:
Ashenzari
Cheibriados
Dithmenos
Elyvilon
Fedhas
Gozag
Hepliaklqana
Kikubaaqudgha
Makhleb
Nemelex Xobeh
Okawaru
Qazlal
Sif Muna
Trog
Wu Jian
Xom
Yredelemnul
Zin
The Shining One

Shops:
D:1 (   D:3 =   D:10 [

Annotations:
Lair:1 Harold


Innate Abilities, Weirdness & Mutations

You are a creature of crystalline ice.
You have a powerful freezing melee attack.
Your maximum health is increased.
Your armour is entirely melded.
You are incapable of wielding weapons or throwing items.
You cannot wear most types of armour.
You are amphibious.
You can wear up to eight rings at the same time.
((Your skin changes colour to match your surroundings (Stealth+).))
((Your rubbery body absorbs attacks. (AC +1, EV +1)))
((You are camouflaged when in or above water. (Stealth+)))
((You have tentacles for arms and can constrict up to eight enemies at once.))
You expend magic power (3 MP) to strengthen your wands.


Message History

A naga warrior comes into view.
It is wielding a +0 hand axe and wearing a +2 kite shield of fire resistance.
The naga warrior hits you from afar with a +0 halberd!
The naga warrior shouts!
There is a staircase back to the Lair here.
You hear an angry hiss.
The naga warrior spits poison at you. The splash of poison hits you.
You resist.
You hit the naga warrior. You freeze the naga warrior.
The naga warrior is lightly wounded.
You hit the naga warrior but do no damage.
The naga warrior is lightly wounded.
You pummel the naga warrior!! You freeze the naga warrior!
The naga warrior is heavily wounded.
The naga warrior closely misses you. The naga warrior grabs you.
The naga warrior constricts you.
You punch the naga warrior! You freeze the naga warrior.
The naga warrior is heavily wounded.
The naga warrior spits poison at you.
The splash of poison hits you but does no damage.
You are poisoned.
You resist.
You pummel the naga warrior!! You freeze the naga warrior.
The naga warrior is almost dead.
You feel sick.
The naga warrior hits you with a +0 halberd!!
The naga warrior constricts you.
The naga warrior hits you with a +0 hand axe!!
* * * LOW HITPOINT WARNING * * *
You punch the naga warrior! You freeze the naga warrior.
You kill the naga warrior!
You feel sick.
You feel sick.
You feel much better.
You feel sick.
The naga warrior hits you with a +0 hand axe!!
* * * LOW HITPOINT WARNING * * *
The naga warrior grabs you. The naga warrior constricts you.
* * * LOW HITPOINT WARNING * * *
You feel better.
The naga warrior hits you with a +0 hand axe!!
You die...

##..#######..#
#......#........
#...............
#...........P.P.
#...........≈≈≈≈
#..)........≈P≈≈
.###...........PP≈P
#..........)....≈P≈≈
..........YN<...S≈≈P
..###.....#....♣≈≈≈≈
# ##...###..#♣ ≈
##### ####


You could see a naga warrior and an electric eel.

Vanquished Creatures
  A naga warrior (Snake:1)
  Erica (D:10)
  Pikel (D:6)
  A naga mage (Snake:1)
  A black mamba (Lair:1)
  A guardian serpent (Snake:1)
  Maggie (D:6)
  2 cane toads (Lair:1)
  Joseph (D:9)
  A rime drake (Lair:2)
  Psyche (D:8)
  4 komodo dragons (Lair:1)
  5 blink frogs (Lair:2)
  A shadow (D:10)
  Sigmund (D:4)
  18 yaks
  3 wyverns
  Eustachio (D:4)
  2 vampire mosquitoes (D:10)
  Menkaure (D:4)
  3 nagas
  8 water moccasins
  2 orc warriors (D:9)
  2 necrophages
  A hornet zombie (D:8)
  2 black bears
  4 ogres
  6 centaurs
  2 lemures (D:6)
  A kobold brigand (D:8)
  8 bullfrogs
  2 gnoll sergeants
  4 scorpions
  12 killer bees
  A howler monkey (D:3)
  4 centaur zombies
  3 hounds
  2 bullfrog zombies
  Crazy Yiuf (D:3)
  A bullfrog skeleton (D:6)
  5 orc priests
  3 jellies
  4 iguanas
  7 orc wizards
  A scorpion zombie (D:5)
  3 killer bee zombies
  A mummy (D:6)
  9 gnolls
  10 adders
  A shadow imp (D:8)
  2 white imps
  An ufetubus (D:6)
  3 worms
  2 dart slugs (D:3)
  29 orcs
  9 ball pythons
  3 endoplasms
  3 giant cockroaches
  6 goblins
  2 hobgoblins (D:3)
  7 jackals
  9 kobolds
  A quokka (D:1)
  7 bats
  3 frilled lizards (D:1)
  A goblin zombie (D:6)
  A kobold zombie (D:6)
  3 rats
253 creatures vanquished.

Vanquished Creatures (others)
  12 fungi
  51 plants
63 creatures vanquished.

Grand Total: 316 creatures vanquished

Notes
Turn   | Place    | Note
-------+----------+-------------------------------------------
     0 | D:1      | zeratav the Octopode Transmuter began the quest for the
                  | Orb.
     0 | D:1      | Reached XP level 1. HP: 13/13 MP: 3/3
   308 | D:1      | Reached XP level 2. HP: 15/18 MP: 3/5
   836 | D:1      | Found Goeng's Antique Weapon Shop.
   853 | D:1      | Reached XP level 3. HP: 22/23 MP: 4/6
  1188 | D:2      | Identified the +5 dagger of zeratav's Anguish {speed, rElec
                  | rN+}
  1803 | D:3      | Reached XP level 4. HP: 24/29 MP: 7/7
  1809 | D:3      | Learned a level 3 spell: Spider Form
  2257 | D:3      | Found Cicliwuipy's Jewellery Boutique.
  2403 | D:3      | Reached skill level 4 in Unarmed Combat
  2403 | D:3      | Reached XP level 5. HP: 31/35 MP: 5/8
  2634 | D:3      | Found a runed translucent door.
  2635 | D:3      | Noticed Crazy Yiuf
  2642 | D:3      | Killed Crazy Yiuf
  2643 | D:3      | Reached XP level 6. HP: 42/42 MP: 7/9
  2732 | D:3      | Identified the +8 quarterstaff "Ipneikin" {venom, Fragile
                  | rC+ Str+2}
  2771 | D:3      | Noticed a black bear
  2777 | D:3      | Killed a black bear
  3055 | D:4      | Noticed Eustachio
  3082 | D:4      | Killed Eustachio
  3083 | D:4      | Reached skill level 5 in Unarmed Combat
  3083 | D:4      | Reached XP level 7. HP: 26/48 MP: 8/10
  3125 | D:4      | Noticed Menkaure
  3285 | D:4      | Noticed Sigmund
  3294 | D:4      | Killed Sigmund
  3487 | D:4      | Found a glowing golden altar of the Shining One.
  3492 | D:4      | Reached skill level 6 in Unarmed Combat
  3492 | D:4      | Reached XP level 8. HP: 50/54 MP: 9/11
  3497 | D:4      | Noticed an angel
  3504 | D:4      | Found a basalt altar of Yredelemnul.
  3506 | D:4      | Noticed a profane servitor
  3615 | D:5      | Entered Level 5 of the Dungeon
  3655 | D:5      | Identified the +8 flail "Hydraslayer" {vorpal, Str+2}
  3688 | D:5      | Reached skill level 5 in Fighting
  4177 | D:5      | Found a staircase to the Ecumenical Temple.
  4193 | Temple   | Entered the Ecumenical Temple
  4275 | Temple   | Became a worshipper of Ashenzari the Shackled
  4785 | D:6      | Reached skill level 7 in Unarmed Combat
  4821 | D:6      | Found a sand-covered staircase.
  4863 | Ossuary  | Entered an ossuary
  5295 | D:6      | Noticed Maggie
  5314 | D:6      | Killed Maggie
  5315 | D:6      | Reached skill level 5 in Dodging
  5315 | D:6      | Reached skill level 5 in Transmutations
  5315 | D:6      | Reached XP level 9. HP: 14/62 MP: 1/12
  6077 | D:6      | Learned a level 4 spell: Ice Form
  6286 | D:6      | Noticed Pikel
  6290 | D:6      | Killed Pikel
  6291 | D:6      | Reached skill level 8 in Unarmed Combat
  6291 | D:6      | Reached skill level 1 in Ice Magic
  7884 | D:7      | Reached XP level 10. HP: 43/69 MP: 8/13
  8229 | D:7      | Reached skill level 9 in Unarmed Combat
  8556 | D:8      | Noticed Psyche
  8564 | D:8      | Killed Psyche
 10372 | D:9      | Noticed Joseph
 10402 | D:9      | Killed Joseph
 11233 | D:9      | Gained mutation: You expend magic power (3 MP) to
                  | strengthen your wands. [potion of mutation]
 11687 | D:3      | Bought a ring of protection from fire for 275 gold pieces
 11832 | D:10     | Entered Level 10 of the Dungeon
 11881 | D:10     | Reached skill level 10 in Unarmed Combat
 12309 | D:10     | Noticed Erica
 12324 | D:10     | Killed Erica
 12325 | D:10     | Reached XP level 11. HP: 75/75 MP: 7/14
 13171 | D:10     | Found a staircase to the Lair.
 13454 | D:10     | Found Oliutaip's Antique Armour Boutique.
 13598 | Lair:1   | Entered Level 1 of the Lair of Beasts
 13685 | Lair:1   | Reached skill level 5 in Ice Magic
 13705 | Lair:1   | Reached skill level 11 in Unarmed Combat
 13903 | Lair:1   | Noticed a seven-headed hydra
 14658 | Lair:1   | Noticed Harold
 15222 | Lair:2   | Learned a level 3 spell: Mephitic Cloud
 15417 | D:4      | Killed Menkaure
 15447 | D:3      | Bought a ring of wizardry for 330 gold pieces
 16013 | Lair:2   | Found a staircase to the Shoals.
 16484 | Lair:2   | Reached XP level 12. HP: 84/84 MP: 15/15
 16496 | Lair:2   | Reached skill level 1 in Shields
 16543 | Lair:2   | Found a staircase to the Snake Pit.
 16775 | Lair:2   | Reached skill level 12 in Unarmed Combat
 16952 | Snake:1  | Entered Level 1 of the Snake Pit
 16971 | Snake:1  | Noticed a naga warrior
 17133 | Snake:1  | Noticed a naga warrior
 17142 | Snake:1  | Killed a naga warrior
 17145 | Snake:1  | Slain by a naga warrior

Illustrated notes

Levels and vault maps discovered:
D:1:      wander_arrival_peaceful_grave, layout_basic, serial_shops, shop
D:2:      layout_rooms
D:3:      mumra_celtic_spiral_tile, layout_basic, serial_shops, shop,
          minmay_snake_closets, uniq_crazy_yiuf_cottage
D:4:      cheibrodos_helix_gallery, layout_rooms,
          grunt_temple_overflow_holy_war, uniq_sigmund, uniq_menkaure,
          uniq_eustachio
D:5:      layout_cave_pools, minmay_temple_entry_statues_pillars,
          amcnicky_mini_pool_medium
D:6:      layout_basic, nicolae_ossuary_entry_giza, minmay_misc_feat_nine_boxes,
          grunt_ministairs_4, uniq_maggie, uniq_pikel
D:7:      layout_basic, nrook_campfire, st_stairs_14
D:8:      layout_loops_ring, st_stairs_9, uniq_psyche
D:9:      layout_cave_pools, fountainhead, kennysheep_generic_room_12,
          uniq_joseph
D:10:     layout_gridville, minmay_lair_entry_grove, serial_shops,
          kennysheep_mini_moat, uniq_erica
Temple:   regret_index_temple_chain_breaker
Lair:1:   layout_small_grid, st_stairs_8, uniq_harold
Lair:2:   layout_roguey, minmay_shoals_entry_centaurs,
          guppyfry_snake_entry_garden, serial_forest,
          infiniplex_forest_lined_room_, infiniplex_forest_straight_2,
          infiniplex_forest_end_1, infiniplex_forest_clump_small,
          infiniplex_forest_end_2, infiniplex_forest_clump_medium,
          infiniplex_forest_clump_tiny, infiniplex_forest_zigzag_1,
          infiniplex_forest_lined_2
Snake:1:  layout_gridlike, serial_bayou_shore_a, grunt_megastairs_2,
          serial_bayou_shore_b

Skill      XL: |  1  2  3  4  5  6  7  8  9 10 11 12 |
---------------+-------------------------------------+-----
Fighting       | 2 3 4 5 6 7 8 |  8.9
Unarmed Combat | 4 5 6 7 8 10 11 12 | 12.2
Transmutations | 3 4 5 6 7 8 |  8.5
Dodging        | 3 4 5 6 7 8 |  8.5
Ice Magic      | 2 4 5 |  5.8
Shields        | 2 |  2.2
Spellcasting   | |  2.0

Action                   |  1- 3 |  4- 6 |  7- 9 | 10-12 || total
-------------------------+-------+-------+-------+-------++-------
Melee: Unarmed           |    50 |       |   155 |   372 ||   577
       Constrict         |    22 |    25 |    32 |       ||    79
       Kick              |    14 |    29 |    45 |       ||    88
       Tentacles         |    12 |    20 |    36 |       ||    68
       Punch             |     1 |     4 |    10 |       ||    15
       Dagger            |    20 |    81 |   120 |     2 ||   223
 Cast: Beastly Appendage |    23 |    20 |    30 |     1 ||    74
       Spider Form       |       |       |    30 |    37 ||    67
       Ice Form          |       |       |       |    40 ||    40
Invok: Curse Item        |       |       |     1 |       ||     1
 Abil: End Transformatio |       |       |     1 |     3 ||     4
Evoke: Wand              |       |       |     2 |     3 ||     5
  Use: Scroll            |       |       |    16 |     7 ||    23
       Potion            |       |       |     2 |     9 ||    11
 Stab: Sleeping          |     3 |     5 |     3 |     1 ||    12
Armor: Skin              |     9 |     7 |    13 |    33 ||    62
Dodge: Dodged            |    49 |    32 |   191 |   285 ||   557
